 Dungeon Crawl Stone Soup version 0.19-GnollCrawlA-1-g03664ee (webtiles) character file.

1299498 GravitySqueeze the Shield-Bearer (level 1, 18/18 HPs)
             Began as a Formicid Fighter on Mar 2, 2017.
             Was the Champion of Qazlal.
             Escaped with the Orb
             ... and 2 runes!
             The game lasted 01:09:49 (24907 turns).

GravitySqueeze the Shield-Bearer (FoFi)            Turns: 24907, Time: 01:09:49

Health: 18/18      AC: 30    Str: 22    XL:     1   Next: 0%
Magic:  1/1        EV: 13    Int:  7    God:    Qazlal [******]
Gold:   3686       SH:  8    Dex: 18    Spells: 0 memorised, 0 levels left

rFire  . . .     SeeInvis +     y - +9 whip "Hohet" {venom, rElec rPois Str+2}
rCold  . . .     Gourm    .     P - +10 plate armour {ponderous}
rNeg   . . .     Faith    .     (no shield)
rPois  +         Spirit   .     (helmet unavailable)
rElec  +         Dismiss  .     i - +2 cloak
rCorr  .         Reflect  .     e - +2 pair of gloves {Dex+3}
SustAt .         Harm     .     Z - +2 pair of boots
MR     .....                    U - amulet of Ygoen {Regen+ Dex+5}
Stlth  ..........               n - +3 ring of evasion
                                O - +4 ring of evasion

@: repel missiles, slow
A: permanent stasis, dig shafts and tunnels, four strong arms, antennae 3
a: Dig, Shaft Self, Upheaval, Elemental Force, Disaster Area, Renounce Religion
0: Orb of Zot
}: 2/15 runes: slimy, silver


You escaped.
You worshipped Qazlal.
Qazlal was exalted by your worship.
You were not hungry.

You visited 10 branches of the dungeon, and saw 50 of its levels.
You visited the Abyss 2 times.
You visited 1 bazaar.
You also visited: Labyrinth.

You collected 5152 gold pieces.
You spent 1466 gold pieces at shops.

Inventory:

Hand Weapons
 y - the +9 whip "Hohet" (weapon) {venom, rElec rPois Str+2}
   (You bought it in a shop on level 9 of the Dungeon)

   It poisons the flesh of those it strikes.
   It affects your strength (+2).
   It insulates you from electricity.
   It protects you from poison.
Armour
 e - a +2 pair of gloves of dexterity (worn)
 i - a +2 cloak (worn)
 P - a +10 plate armour of ponderousness (worn)
 Z - a +2 pair of boots (worn)
Jewellery
 n - a +3 ring of evasion (right hand)
 O - a +4 ring of evasion (left hand)
 U - the amulet of Ygoen (around neck) {Regen+ Dex+5}
   (You found it on level 5 of the Pits of Slime)

   [amulet of regeneration]

   It affects your dexterity (+5).
   It increases your rate of regeneration.
Wands
 a - a wand of digging (4/24)
 g - a wand of digging (7/24)
 j - a wand of polymorph (0/24)
 l - a wand of disintegration (16/24)
 s - a wand of digging (15/24)
 t - a wand of teleportation (5/9)
 v - a wand of iceblast (13/15)
 z - a wand of lightning (2/15)
 S - a wand of enslavement (0/24)
 T - a wand of acid (0/15)
 W - a wand of paralysis (14/24)
 X - a wand of teleportation (4/9)
 Y - a wand of digging (9/24)
Scrolls
 b - 3 scrolls of enchant armour
 m - a scroll of enchant weapon
 o - 6 scrolls of recharging
 r - 5 scrolls of identify
 C - 10 scrolls of remove curse
 E - 3 scrolls of fear
 J - a scroll of silence
 K - 2 scrolls of magic mapping
 M - a scroll of amnesia
 N - 2 scrolls of fog
Potions
 d - 4 potions of might
 h - 4 potions of ambrosia
 q - 7 potions of curing
 w - 5 potions of flight
 B - 3 potions of magic
 D - 2 potions of lignification
 F - 5 potions of agility
 G - 2 potions of cancellation
 H - 3 potions of cure mutation
 I - 5 potions of brilliance
 R - a potion of resistance
Books
 Q - the Grimoire of the Frigorific Blaze
   (You found it on level 4 of the Depths)

   Spells                             Type                      Level
   a - Ensorcelled Hibernation        Hexes/Ice                    2
   b - Conjure Flame                  Conjuration/Fire             3
   c - Inner Flame                    Hexes/Fire                   3
   d - Freezing Cloud                 Conjuration/Ice/Air          6
   e - Simulacrum                     Ice/Necromancy               6
Miscellaneous
 u - a phantom mirror
 A - a fan of gales
 V - a phial of floods
Comestibles
 c - 8 beef jerkies
 f - 12 bread rations
 k - 14 meat rations
 p - 3 royal jellies
 x - 28 fruits
 L - 3 slices of pizza


   Skills:
 + Level 3.2 Fighting
   Level 2.0 Long Blades
 + Level 3.2 Armour
   Level 3.6 Shields


You couldn't memorise any spells.
You didn't know any spells.

Dungeon Overview and Level Annotations

Branches:
Dungeon (15/15)            Temple (1/1) D:1            Lair (6/6) D:9
  Swamp (0/4) Lair:3       Spider (3/4) Lair:4        Slime (5/5) Lair:5
    Orc (2/2) D:9             Elf (3/3) Orc:2        Vaults (5/5) D:13
 Depths (5/5) D:15            Zot (5/5) Depths:5
  Crypt: Vaults:2-3

Altars:
Ashenzari
Cheibriados
Gozag
Hepliaklqana
Kikubaaqudgha
Okawaru
Qazlal
Ru
Sif Muna
Trog
Uskayaw
Vehumet
Xom
Zin
The Shining One
Beogh
Jiyva
Lugonu

Shops:
D:9 (   D:12 :   Orc:2 :*=(   Elf:1 *   Elf:2 [   Vaults:3 (   Vaults:5 !?%
Depths:2 [[

Portals:
Hell: Depths:2 Depths:4
Abyss: Depths:2 Depths:4
Pandemonium: Depths:2 Depths:3

Annotations:
D:5 GravitySqueeze's ghost, weakling FoFi
Lair:6 GravitySqueeze's ghost, weakling FoFi


Innate Abilities, Weirdness & Mutations

You are under a permanent stasis effect.
You can dig through walls and to a lower floor.
Your four strong arms can wield two-handed weapons with a shield.
You have a pair of large antennae on your head. (SInv)


Message History

No target in view!
No target in view!
No target in view!
A gnoll comes into view. It is wielding a whip.
Things that are here:
a whip; a gnoll corpse
Found a runed mace.
Evoke which item? (* to show all) (? for menu, Esc to quit)
Zapping:
a - a wand of digging {zapped: 2} (will waste charges)
Press: ? - help, Shift-Dir - straight line The rock shatters into small pieces.
Evoking this partially-identified wand wasted a few charges.
You enter the shallow water.
Moving in this stuff is going to be slow.
You hear a shout!
You enter the shallow water.
Moving in this stuff is going to be slow.
There is a staircase leading out of the dungeon here.
You see here a +0 shield.
You have escaped!

#.###.#...# #.#...#...# ..
#.#.###...# #. ##'#'###...# ..
### #....(##.(.######'### #..
#.....##...#≈≈≈≈# ..# #..
####.....##..{#≈##≈# #.########..
#.....#'###...#§≈≈≈###.#)........
#.#####.# ###)'§@g§.≈≈...########
..# #...## ###≈≈#≈#≈###.# ###
#....# #≈##≈#≈# #.# ..# ####.#
#≈≈≈#≈#≈ +.# #.######'###
############ #.##.......#
#.##.##....# #.##.##....#
#.##.##....#


You could see a gnoll.

Vanquished Creatures
  Grum (Zot:5)
  A big kobold (Zot:5)
  17 gnoll sergeants
  11 gnoll shamans
  833 gnolls
  The ghost of GravitySqueeze the Shield-Bearer, a weakling FoFi of Okawaru (D:10)
  The ghost of GravitySqueeze the Shield-Bearer, a weakling FoFi (D:12)
  The ghost of GravitySqueeze the Shield-Bearer, a weakling FoFi (D:14)
  The ghost of GravitySqueeze the Shield-Bearer, a weakling FoFi of Ru (D:15)
  The ghost of GravitySqueeze the Shield-Bearer, a weakling FoFi (Depths:2)
  The ghost of GravitySqueeze the Shield-Bearer, a weakling FoFi of Gozag (Depths:5)
  A fungus (Lair:5)
  4 plants
874 creatures vanquished.

Vanquished Creatures (collateral kills)
  A gnoll sergeant (D:3)
  6 gnolls
7 creatures vanquished.

Vanquished Creatures (others)
  35 gnolls
  3 plants (Lair:6)
38 creatures vanquished.

Grand Total: 919 creatures vanquished

Notes
Turn   | Place    | Note
-------+----------+-------------------------------------------
     0 | D:1      | GravitySqueeze the Formicid Fighter began the quest for the Orb.
     0 | D:1      | Reached XP level 1. HP: 18/18 MP: 1/1
   640 | D:1      | Found a staircase to the Ecumenical Temple.
   645 | Temple   | Entered the Ecumenical Temple
   686 | Temple   | Became a worshipper of Qazlal Stormbringer
   834 | D:1      | You fall through a shaft!
   840 | D:2      | You fall through a shaft!
   843 | D:3      | You fall through a shaft for 2 floors!
   843 | D:5      | Entered Level 5 of the Dungeon
   846 | D:5      | You fall through a shaft!
   861 | D:6      | You fall through a shaft for 2 floors!
   874 | D:8      | You fall through a shaft!
   913 | D:9      | Found a staircase to the Lair.
   918 | Lair:1   | Entered Level 1 of the Lair of Beasts
  1940 | Lair:3   | Found a staircase to the Swamp.
  2562 | Lair:4   | Found a labyrinth entrance.
  2581 | Lab      | Entered a labyrinth
  2913 | Lab      | Noticed a gnoll sergeant
  2925 | Lab      | Killed a gnoll sergeant
  2945 | Lair:4   | Identified a +8 rod of clouds (12/12) (You found it in a labyrinth)
  3218 | Lair:4   | Found a hole to the Spider Nest.
  3278 | Spider:1 | Entered Level 1 of the Spider Nest
  3285 | Spider:1 | Reached * piety under Qazlal
  7109 | Lair:5   | Identified the Compendium of Hexes
  7249 | Lair:5   | You fall through a shaft!
  7249 | Lair:6   | Entered Level 6 of the Lair of Beasts
  7534 | Lair:6   | Got a polished mace
  7536 | Lair:6   | Got a scorched dagger
  7538 | Lair:6   | Identified the +6 mace of Reargh {flame, +Inv Int+2} (You found it on level 6 of the Lair of Beasts)
  7539 | Lair:6   | Identified the +6 dagger of Worecw {pierce, +Blink +Inv} (You found it on level 6 of the Lair of Beasts)
  7552 | Lair:6   | Noticed GravitySqueeze's ghost (weakling FoFi)
  7929 | D:9      | Found an opulent altar of Gozag.
  7942 | D:9      | Found an iron altar of Okawaru.
  8095 | D:9      | Found Xiclexka's Antique Weapon Shop.
  8108 | D:9      | Bought a bloodstained whip for 172 gold pieces
  8108 | D:9      | Identified the +9 whip "Hohet" {venom, rElec rPois Str+2} (You bought it in a shop on level 9 of the Dungeon)
  8167 | D:9      | Reached ** piety under Qazlal
  8323 | D:9      | Found a shattered altar of Ashenzari.
  8324 | D:9      | Found a glowing silver altar of Zin.
  8395 | D:9      | Found a staircase to the Orcish Mines.
  8542 | Orc:1    | Entered Level 1 of the Orcish Mines
  8880 | Orc:2    | Entered Level 2 of the Orcish Mines
  9052 | Orc:2    | Found Qeotecofu's Weapon Boutique.
  9056 | Orc:2    | Found Urul's Assorted Antiques.
  9062 | Orc:2    | Found Pynluicw's Book Emporium.
  9064 | Orc:2    | Found Firech's Jewellery Boutique.
  9072 | Orc:2    | Bought a +4 ring of evasion for 612 gold pieces
  9366 | Orc:2    | Found a staircase to the Elven Halls.
  9546 | Elf:1    | Entered Level 1 of the Elven Halls
  9597 | Elf:1    | Found Edosche's Assorted Antiques.
  9800 | Elf:2    | Found Cawy's Antique Armour Emporium.
 10234 | Elf:3    | Entered Level 3 of the Elven Halls
 10410 | Elf:3    | Found a flickering gateway to a bazaar.
 10453 | Bazaar   | Entered a bazaar
 10453 | Bazaar   | Found Rief's Food Shoppe.
 10453 | Bazaar   | Found Hysinoupn's Book Emporium.
 10457 | Bazaar   | Found Liannuutz's General Store.
 10471 | Bazaar   | Found Plog's Antique Armour Emporium.
 10479 | Bazaar   | Bought a shiny plate armour for 483 gold pieces
 10479 | Bazaar   | Bought a pair of bloodstained gloves for 199 gold pieces
 10484 | Bazaar   | Identified the +1 pair of gloves of the Slorg {rElec rPois rCorr Int-5} (You bought it in a shop in a bazaar)
 11003 | Elf:3    | Got an ancient golden ring
 11005 | Elf:3    | Identified the ring "Ofootoq" {MP+9 Str+3} (You found it on level 3 of the Elven Halls)
 11090 | Elf:3    | Gained mutation: Your muscles are strong. (Str +2) [potion of mutation]
 11090 | Elf:3    | Gained mutation: Your body sometimes deteriorates upon taking damage. [potion of mutation]
 11090 | Elf:3    | Gained mutation: Your system is resistant to poisons. (rPois) [potion of mutation]
 11093 | Elf:3    | Lost mutation: Your muscles are strong. (Str +2) [potion of cure mutation]
 11093 | Elf:3    | Lost mutation: Your system is resistant to poisons. (rPois) [potion of cure mutation]
 11093 | Elf:3    | Lost mutation: Your body sometimes deteriorates upon taking damage. [potion of cure mutation]
 11120 | Elf:3    | Reached *** piety under Qazlal
 11186 | Elf:3    | Identified Peisorpha's Collected Works on Earthen Necromancy
 11193 | Elf:3    | Identified Upnoz's Reference Book on Harmful Translocation
 12466 | Lair:5   | Found a staircase to the Slime Pits.
 12479 | Slime:1  | Entered Level 1 of the Pits of Slime
 13284 | Slime:5  | Entered Level 5 of the Pits of Slime
 13321 | Slime:5  | Noticed a gnoll sergeant
 13420 | Slime:5  | Reached **** piety under Qazlal
 13464 | Slime:5  | Found a viscous altar of Jiyva.
 13478 | Slime:5  | Got a slimy rune of Zot
 13480 | Slime:5  | Got a twitching ivory amulet
 13608 | Slime:5  | Identified the amulet of Ygoen {Regen+ Dex+5} (You found it on level 5 of the Pits of Slime)
 14110 | D:10     | Entered Level 10 of the Dungeon
 14377 | D:10     | Noticed GravitySqueeze's ghost (weakling FoFi)
 14384 | D:10     | Killed GravitySqueeze's ghost
 14449 | D:10     | Got a coiled lapis lazuli ring
 14457 | D:10     | Identified the ring "Xich" {-Tele rElec rPois Str+4 Int+3} (You found it on level 10 of the Dungeon)
 15998 | D:12     | Found Tunieh's Book Shop.
 16089 | D:12     | Noticed GravitySqueeze's ghost (weakling FoFi)
 16094 | D:12     | Killed GravitySqueeze's ghost
 16375 | D:12     | Found a roughly hewn altar of Beogh.
 16523 | D:13     | Found a gate to the Vaults.
 16541 | Vaults:1 | Entered Level 1 of the Vaults
 16661 | Vaults:2 | Reached ***** piety under Qazlal
 17018 | Vaults:3 | Found Xilonue's Antique Weapon Shop.
 17329 | Vaults:5 | Entered Level 5 of the Vaults
 17329 | Vaults:5 | Noticed a gnoll sergeant
 17329 | Vaults:5 | Noticed a gnoll sergeant
 17329 | Vaults:5 | Noticed a gnoll sergeant
 17329 | Vaults:5 | Noticed a gnoll sergeant
 17329 | Vaults:5 | Noticed a gnoll sergeant
 17329 | Vaults:5 | Noticed a gnoll sergeant
 17329 | Vaults:5 | Noticed a gnoll sergeant
 17329 | Vaults:5 | Noticed a gnoll sergeant
 17329 | Vaults:5 | Noticed a gnoll sergeant
 17329 | Vaults:5 | Noticed a gnoll sergeant
 17340 | Vaults:5 | Killed a gnoll sergeant
 17345 | Vaults:4 | Killed a gnoll sergeant
 17348 | Vaults:4 | Killed a gnoll sergeant
 17362 | Vaults:4 | Killed a gnoll sergeant
 17366 | Vaults:4 | Killed a gnoll sergeant
 17368 | Vaults:4 | Killed a gnoll sergeant
 17368 | Vaults:4 | Killed a gnoll sergeant
 17409 | Vaults:4 | Killed a gnoll sergeant
 17413 | Vaults:4 | Killed a gnoll sergeant
 17415 | Vaults:4 | Killed a gnoll sergeant
 17600 | Vaults:5 | Reached ****** piety under Qazlal
 17750 | Vaults:5 | Identified Sif Muna's Tome of Dislocated Venom
 17984 | Vaults:5 | Got a pitted emerald amulet
 17991 | Vaults:5 | Got a silver rune of Zot
 18141 | Vaults:5 | Found Sustragih's Food Shoppe.
 18220 | Vaults:5 | Found Yruucyc's Distillery.
 18244 | Vaults:5 | Found Kodir's Magic Scroll Boutique.
 18804 | D:14     | Noticed GravitySqueeze's ghost (weakling FoFi)
 18819 | D:14     | Killed GravitySqueeze's ghost
 19180 | D:14     | Found a shattered altar of Ashenzari.
 19185 | D:15     | Entered Level 15 of the Dungeon
 19190 | D:15     | Noticed GravitySqueeze's ghost (weakling FoFi)
 19198 | D:15     | Killed GravitySqueeze's ghost
 19278 | D:15     | Found a staircase to the Depths.
 19283 | Depths:1 | Entered Level 1 of the Depths
 19299 | Depths:1 | You fall through a shaft!
 19315 | Depths:2 | Found Daapocwa's Antique Armour Emporium.
 19360 | Depths:2 | Found a one-way gate leading to the halls of Pandemonium.
 19758 | Depths:2 | Got a heavily runed jade ring
 19759 | Depths:2 | Identified the ring "Suageidi" {rElec rC++ MR- Dex+3 Stlth+} (You found it on level 2 of the Depths)
 19918 | Depths:2 | Found Ripn's Armour Shoppe.
 19948 | Depths:2 | Found a one-way gate to the infinite horrors of the Abyss.
 19968 | Depths:2 | Voluntarily entered the Abyss.
 19975 | Abyss:1  | Found a corrupted altar of Lugonu.
 20053 | Abyss:3  | Found a corrupted altar of Lugonu.
 20572 | Depths:2 | Escaped the Abyss
 20691 | Depths:2 | Noticed GravitySqueeze's ghost (weakling FoFi)
 20697 | Depths:2 | Killed GravitySqueeze's ghost
 20777 | Depths:2 | Found a gateway to Hell.
 21338 | Depths:4 | Found an opulent altar of Gozag.
 21379 | Depths:4 | Found a glowing silver altar of Zin.
 21423 | Depths:4 | Found a bloodstained altar of Trog.
 21449 | Depths:4 | Identified the amulet of Nexi {Harm *Drain Stlth+} (You found it on level 5 of the Vaults)
 21485 | Depths:4 | Identified a scroll of acquirement
 21593 | Depths:4 | Found a sacrificial altar of Ru.
 21708 | Depths:4 | Identified the Grimoire of the Frigorific Blaze
 22128 | Depths:5 | Entered Level 5 of the Depths
 22138 | Depths:5 | Cast into level 2 of the Abyss (gnoll)
 22191 | Depths:5 | Escaped the Abyss
 22267 | Depths:5 | Noticed GravitySqueeze's ghost (weakling FoFi)
 22272 | Depths:5 | Killed GravitySqueeze's ghost
 22286 | Depths:5 | Found a gate to the Realm of Zot.
 22291 | Zot:1    | Entered Level 1 of the Realm of Zot
 22419 | Zot:3    | Noticed a gnoll sergeant
 22429 | Zot:3    | Killed a gnoll sergeant
 22695 | Zot:4    | Noticed a gnoll shaman
 22709 | Zot:4    | Killed a gnoll shaman
 22758 | Zot:5    | Entered Level 5 of the Realm of Zot
 22836 | Zot:5    | Noticed a gnoll sergeant
 22853 | Zot:5    | Noticed a big kobold
 22853 | Zot:5    | a gnoll sergeant changed into a big kobold
 22877 | Zot:5    | Killed a big kobold
 22888 | Zot:5    | Noticed a gnoll shaman
 22896 | Zot:5    | Noticed a gnoll shaman
 22897 | Zot:5    | Killed a gnoll shaman
 22905 | Zot:5    | Noticed a gnoll sergeant
 22905 | Zot:5    | Killed a gnoll shaman
 22916 | Zot:5    | Killed a gnoll sergeant
 22946 | Zot:5    | Noticed a gnoll sergeant
 22947 | Zot:5    | Noticed Grum
 23012 | Zot:5    | Killed Grum
 23021 | Zot:5    | Killed a gnoll sergeant
 23135 | Zot:5    | Noticed a gnoll shaman
 23139 | Zot:5    | Noticed a gnoll shaman
 23142 | Zot:5    | Noticed a gnoll sergeant
 23153 | Zot:5    | Killed a gnoll sergeant
 23158 | Zot:5    | Killed a gnoll shaman
 23304 | Zot:5    | Killed a gnoll shaman
 23454 | Zot:5    | Got the Orb of Zot
 23643 | Zot:3    | Noticed a gnoll sergeant
 23654 | Zot:3    | Killed a gnoll sergeant
 23851 | Depths:1 | Noticed a gnoll shaman
 23863 | Depths:1 | Killed a gnoll shaman
 23892 | D:15     | Noticed a gnoll shaman
 23899 | D:15     | Killed a gnoll shaman
 24347 | D:5      | Noticed GravitySqueeze's ghost (weakling FoFi)
 24363 | D:4      | Noticed a gnoll shaman
 24370 | D:4      | Killed a gnoll shaman
 24426 | D:3      | Found an ancient bone altar of Kikubaaqudgha.
 24457 | D:3      | Noticed a gnoll shaman
 24467 | D:3      | Noticed a gnoll sergeant
 24483 | D:3      | Killed a gnoll shaman
 24489 | D:3      | Killed a gnoll sergeant
 24592 | D:3      | Noticed a gnoll shaman
 24604 | D:3      | Killed a gnoll shaman
 24673 | D:3      | Found a shimmering altar of Xom.
 24674 | D:3      | Found a hazy altar of Hepliaklqana.
 24768 | D:3      | Noticed a gnoll shaman
 24774 | D:3      | Killed a gnoll shaman
 24807 | D:2      | Noticed a gnoll sergeant
 24907 | D:$      | Escaped with the Orb!

Action                   || total
-------------------------++-------
Melee: Whip              ||  1833
       Long sword        ||   380
       Mace              ||    15
 Abil: Shaft Self        ||     8
Evoke: Wand              ||    74
       Phial of floods   ||     2
       Rod               ||     1
  Use: Scroll            ||    45
       Potion            ||    21
 Stab: Paralysed         ||    44
       Invisible         ||     6
Armor: Plate armour      ||   752
       Chain mail        ||   142
       Scale mail        ||     8
Dodge: Dodged            ||  1123
Block: Other             ||   712
